MID
GREENSBORO GRASSHOPPERS @ DAYTON DRAGONS
09/13/2046
 
TOP OF THE 1ST
Greensboro Grasshoppers batting - Pitching for Dayton Dragons : LHP Jin Zhui
Pitching: LHP Jin Zhui
Batting: RHB Harrie de Kam 0-0: SINGLE (Line Drive, 8RS, EV 105.6 MPH)
Batting: RHB Andy Kelly 0-0: Called Strike
0-1: Ground out 6-3 (Groundball, 6M, EV 111.9 MPH)
Harrie de Kam to second
Batting: RHB Miguel Velasco 0-0: Ball
1-0: Ball
Harrie de Kam steals 3rd base
2-0: Ball
3-0: Called Strike
3-1: SINGLE (Groundball, 4M, EV 100.0 MPH) (infield hit)
Harrie de Kam scores
Batting: RHB Hiromitsu Yamada 0-0: Ball
1-0: Ball
2-0: Fielders Choice at 2nd, 5-4 (Groundball, 5S, EV 90.6 MPH)
Batting: RHB J.D. Vander Klok 0-0: Foul Ball, location: 2F
0-1: Called Strike
Passed Ball!
Hiromitsu Yamada to second
0-2: Foul Ball, location: 2F
0-2: SINGLE (Groundball, 4MD, EV 105.0 MPH)
Hiromitsu Yamada to third
Batting: LHB Justin Blakely 0-0: Foul Ball, location: 2F
0-1: SINGLE (Line Drive, 7S, EV 101.9 MPH)
Hiromitsu Yamada scores
J.D. Vander Klok to second
Batting: LHB Ryan Thompson 0-0: Ball
1-0: Called Strike
1-1: Foul Ball, location: 2F
1-2: Foul Ball, location: 2F
1-2: Foul Ball, location: 2F
1-2: Ball
2-2: Foul Ball, location: 2F
2-2: Fielders Choice at 2nd, 5-4 (Groundball, 56, EV 86.2 MPH)
Top of the 1st over - 2 runs, 4 hits, 0 errors, 2 left on base; Greensboro 2 - Dayton 0
BOTTOM OF THE 1ST
Dayton Dragons batting - Pitching for Greensboro Grasshoppers : RHP Ryan Weedon
Pitching: RHP Ryan Weedon
Batting: LHB Fernando Gomez 0-0: Ball
1-0: Swinging Strike
1-1: Ball
2-1: Ball
3-1: Foul Ball, location: 2F
3-2: Strikes out swinging
Batting: LHB Keith Egan 0-0: Foul Ball, location: 2F
0-1: Called Strike
0-2: Strikes out swinging
Batting: RHB Randy Grewe 0-0: Ball
1-0: Called Strike
1-1: Foul Ball, location: 2F
1-2: Ground out 6-3 (Groundball, 6, EV 102.5 MPH)
Bottom of the 1st over - 0 runs, 0 hits, 0 errors, 0 left on base; Greensboro 2 - Dayton 0
TOP OF THE 2ND
Greensboro Grasshoppers batting - Pitching for Dayton Dragons : LHP Jin Zhui
Batting: LHB Angelo Estrella 0-0: Ball
1-0: Ground out U3 (Groundball, 3, EV 86.2 MPH)
Batting: RHB Jeremy Dennis 0-0: Swinging Strike
0-1: Ball
1-1: Called Strike
1-2: Foul Ball, location: 2F
1-2: Foul Ball, location: 2F
1-2: Ball
2-2: Foul Ball, location: 2F
2-2: Ball
3-2: Base on Balls
Batting: RHB Harrie de Kam 0-0: Swinging Strike
0-1: Called Strike
0-2: Ball
1-2: Ball
2-2: Ball
Jeremy Dennis is caught stealing 2nd base 2-4
3-2: SINGLE (Groundball, 6MD, EV 101.9 MPH)
Batting: RHB Andy Kelly 0-0: Called Strike
0-1: Ball
Harrie de Kam steals 2nd base (no throw)
1-1: Called Strike
1-2: Strikes out looking
Top of the 2nd over - 0 runs, 1 hit, 0 errors, 1 left on base; Greensboro 2 - Dayton 0
BOTTOM OF THE 2ND
Dayton Dragons batting - Pitching for Greensboro Grasshoppers : RHP Ryan Weedon
Batting: RHB Danny Real 0-0: Swinging Strike
0-1: Swinging Strike
0-2: Ball
1-2: Ground out 6-3 (Groundball, 6, EV 87.5 MPH)
Batting: LHB Matthew Berry 0-0: Swinging Strike
0-1: Foul Ball, location: 2F
0-2: Ball
1-2: Ball
2-2: Ball
3-2: Foul Ball, location: 2F
3-2: Strikes out looking
Batting: SHB Tim Utz 0-0: Ball
1-0: Foul Ball, location: 2F
1-1: Ball
2-1: Foul Ball, location: 2F
2-2: Strikes out looking
Bottom of the 2nd over - 0 runs, 0 hits, 0 errors, 0 left on base; Greensboro 2 - Dayton 0
TOP OF THE 3RD
Greensboro Grasshoppers batting - Pitching for Dayton Dragons : LHP Jin Zhui
Batting: RHB Miguel Velasco 0-0: Foul Ball, location: 2F
0-1: Foul Ball, location: 2F
0-2: Ball
1-2: Strikes out swinging
Batting: RHB Hiromitsu Yamada 0-0: Ball
1-0: Ball
2-0: Foul Ball, location: 2F
2-1: Foul Ball, location: 2F
2-2: Strikes out swinging
Batting: RHB J.D. Vander Klok 0-0: Ball
1-0: Ground out 6-3 (Groundball, 6, EV 87.5 MPH)
Top of the 3rd over - 0 runs, 0 hits, 0 errors, 0 left on base; Greensboro 2 - Dayton 0
BOTTOM OF THE 3RD
Dayton Dragons batting - Pitching for Greensboro Grasshoppers : RHP Ryan Weedon
Batting: RHB Mark Williams 0-0: SINGLE (Line Drive, 9LS, EV 95.6 MPH)
Batting: SHB Alex Morales 0-0: Grounds into double play, 5-6-3 (Groundball, 56, EV 80.6 MPH)
Batting: RHB Cyd Carver 0-0: Ball
1-0: Ball
2-0: Called Strike
2-1: Swinging Strike
2-2: Strikes out looking
Bottom of the 3rd over - 0 runs, 1 hit, 0 errors, 0 left on base; Greensboro 2 - Dayton 0
TOP OF THE 4TH
Greensboro Grasshoppers batting - Pitching for Dayton Dragons : LHP Jin Zhui
Batting: LHB Justin Blakely 0-0: Swinging Strike
0-1: Ball
1-1: Foul Ball, location: 2F
1-2: Strikes out swinging, 2-3 out at first.
Batting: LHB Ryan Thompson 0-0: Called Strike
0-1: Called Strike
0-2: Ball
1-2: Ball
2-2: Foul Ball, location: 2F
2-2: Strikes out swinging
Batting: LHB Angelo Estrella 0-0: SINGLE (Groundball, 34, EV 96.9 MPH)
Batting: RHB Jeremy Dennis 0-0: Called Strike
0-1: Ball
1-1: Ball
2-1: Foul Ball, location: 2F
2-2: Fielders Choice at 2nd, 6-4 (Groundball, 6, EV 82.5 MPH)
Top of the 4th over - 0 runs, 1 hit, 0 errors, 1 left on base; Greensboro 2 - Dayton 0
BOTTOM OF THE 4TH
Dayton Dragons batting - Pitching for Greensboro Grasshoppers : RHP Ryan Weedon
Batting: LHB Fernando Gomez 0-0: Ball
1-0: Called Strike
1-1: Foul Ball, location: 2F
1-2: Ground out U3 (Groundball, 3L, EV 85.6 MPH)
Batting: LHB Keith Egan 0-0: Ball
1-0: Foul Ball, location: 2F
1-1: DOUBLE (Line Drive, 5D, EV 106.9 MPH)
Batting: RHB Randy Grewe 0-0: Ball
1-0: Called Strike
1-1: Foul Ball, location: 2F
1-2: Foul Ball, location: 2F
1-2: Hit by Pitch
Batting: RHB Danny Real 0-0: Called Strike
0-1: Ball
1-1: Fly out, F8 (Flyball, 89M, EV 93.8 MPH)
Batting: LHB Matthew Berry 0-0: Called Strike
0-1: Fly out, F9 (Flyball, 9, EV 93.8 MPH)
Bottom of the 4th over - 0 runs, 1 hit, 0 errors, 2 left on base; Greensboro 2 - Dayton 0
TOP OF THE 5TH
Greensboro Grasshoppers batting - Pitching for Dayton Dragons : LHP Jin Zhui
Batting: RHB Harrie de Kam 0-0: Called Strike
0-1: Ball
1-1: Foul Ball, location: 2F
1-2: DOUBLE (Flyball, 9LM, EV 94.4 MPH)
Batting: RHB Andy Kelly 0-0: Called Strike
0-1: Ball
1-1: Called Strike
1-2: Ball
2-2: Foul Ball, location: 2F
2-2: Strikes out looking
Batting: RHB Miguel Velasco 0-0: Called Strike
0-1: Ground out 5-3 (Groundball, 5, EV 100.6 MPH)
Batting: RHB Hiromitsu Yamada 0-0: Foul Ball, location: 2F
0-1: Swinging Strike
0-2: Ball
1-2: Strikes out swinging
Top of the 5th over - 0 runs, 1 hit, 0 errors, 1 left on base; Greensboro 2 - Dayton 0
BOTTOM OF THE 5TH
Dayton Dragons batting - Pitching for Greensboro Grasshoppers : RHP Ryan Weedon
Batting: SHB Tim Utz 0-0: Called Strike
0-1: Called Strike
0-2: Foul Ball, location: 2F
0-2: Ball
1-2: Strikes out swinging
Batting: RHB Mark Williams 0-0: Called Strike
0-1: Ground out 1-3 (Groundball, 15S, EV 66.2 MPH)
Batting: SHB Alex Morales 0-0: Called Strike
0-1: Ball
1-1: Called Strike
1-2: Strikes out swinging
Bottom of the 5th over - 0 runs, 0 hits, 0 errors, 0 left on base; Greensboro 2 - Dayton 0
TOP OF THE 6TH
Greensboro Grasshoppers batting - Pitching for Dayton Dragons : LHP Jin Zhui
Batting: RHB J.D. Vander Klok 0-0: Called Strike
0-1: SINGLE (Line Drive, 7S, EV 106.9 MPH)
Batting: LHB Justin Blakely 0-0: Ball
1-0: Swinging Strike
1-1: Swinging Strike
1-2: DOUBLE (Line Drive, 7LM, EV 100.0 MPH)
J.D. Vander Klok to third
Runner from 3rd tries for Home, SAFE, throw by LF to home
Batting: LHB Ryan Thompson 0-0: Ball
1-0: Called Strike
1-1: Swinging Strike
1-2: Ball
2-2: SINGLE (Groundball, 3D, EV 105.6 MPH)
Justin Blakely to third
Batting: LHB Angelo Estrella 0-0: Ball
1-0: Called Strike
1-1: Grounds into double play, 6-4-3 (Groundball, 6, EV 88.8 MPH)
Justin Blakely scores
Batting: RHB Jeremy Dennis 0-0: Called Strike
0-1: Swinging Strike
0-2: Ball
1-2: Foul Ball, location: 2F
1-2: Strikes out swinging
Top of the 6th over - 2 runs, 3 hits, 0 errors, 0 left on base; Greensboro 4 - Dayton 0
BOTTOM OF THE 6TH
Dayton Dragons batting - Pitching for Greensboro Grasshoppers : RHP Ryan Weedon
Batting: RHB Cyd Carver 0-0: Called Strike
0-1: Ball
1-1: Ball
2-1: Foul Ball, location: 2F
2-2: Ball
3-2: Strikes out swinging
Batting: LHB Fernando Gomez 0-0: Foul Ball, location: 2F
0-1: Ground out 4-3 (Groundball, 4D, EV 105.0 MPH)
Batting: LHB Keith Egan 0-0: Ball
1-0: Called Strike
1-1: Ground out 4-3 (Groundball, 34D, EV 87.5 MPH)
Bottom of the 6th over - 0 runs, 0 hits, 0 errors, 0 left on base; Greensboro 4 - Dayton 0
TOP OF THE 7TH
Greensboro Grasshoppers batting - Pitching for Dayton Dragons : LHP Jin Zhui
Pitching: RHP Kevin Larner
Batting: RHB Harrie de Kam 0-0: Ball
1-0: Foul Ball, location: 2F
1-1: Ground out 3-1 (Groundball, 34S, EV 66.9 MPH)
Batting: RHB Andy Kelly 0-0: Ball
1-0: Foul Ball, location: 2F
1-1: Ball
2-1: SINGLE (Flyball, 78S, EV 90.6 MPH)
Batting: RHB Miguel Velasco 0-0: Ball
1-0: Grounds into double play, 3-6-3 (Groundball, 3, EV 87.5 MPH)
Top of the 7th over - 0 runs, 1 hit, 0 errors, 0 left on base; Greensboro 4 - Dayton 0
BOTTOM OF THE 7TH
Dayton Dragons batting - Pitching for Greensboro Grasshoppers : RHP Ryan Weedon
Batting: RHB Randy Grewe 0-0: Ball
1-0: Swinging Strike
1-1: Called Strike
1-2: Fly out, F7 (Flyball, 7D, EV 87.5 MPH)
Batting: RHB Danny Real 0-0: Fly out, F9 (Line Drive, 89M, EV 91.2 MPH)
Batting: LHB Matthew Berry 0-0: Foul Ball, location: 2F
0-1: Ball
1-1: Ball
2-1: Foul Ball, location: 2F
2-2: Ground out 4-3 (Groundball, 4, EV 83.8 MPH)
Bottom of the 7th over - 0 runs, 0 hits, 0 errors, 0 left on base; Greensboro 4 - Dayton 0
TOP OF THE 8TH
Greensboro Grasshoppers batting - Pitching for Dayton Dragons : RHP Kevin Larner
Batting: RHB Hiromitsu Yamada 0-0: Ball
1-0: Foul Ball, location: 2F
1-1: Foul Ball, location: 2F
1-2: Ball
2-2: Ball
3-2: Base on Balls
Batting: RHB J.D. Vander Klok 0-0: Fly out, F7 (Flyball, 78S, EV 83.1 MPH)
Batting: LHB Justin Blakely 0-0: Ball
Hiromitsu Yamada steals 2nd base
1-0: Ground out 4-3 (Groundball, 4, EV 98.8 MPH)
Hiromitsu Yamada to third
Batting: LHB Ryan Thompson 0-0: Ball
1-0: Ground out 4-3 (Groundball, 4, EV 84.4 MPH)
Top of the 8th over - 0 runs, 0 hits, 0 errors, 1 left on base; Greensboro 4 - Dayton 0
BOTTOM OF THE 8TH
Dayton Dragons batting - Pitching for Greensboro Grasshoppers : RHP Ryan Weedon
Pitching: RHP James Bitner
Batting: SHB Tim Utz 0-0: Called Strike
0-1: Ball
1-1: Ball
2-1: Ball
3-1: Base on Balls
Batting: RHB Mark Williams 0-0: Ball
1-0: Grounds out, U3 (Groundball, 3L, EV 107.5 MPH)
Batting: SHB Alex Morales 0-0: Swinging Strike
0-1: Ball
1-1: Ball
2-1: Called Strike
2-2: Strikes out swinging
Pinch Hitting: LHB Ray Walden 0-0: Foul Ball, location: 2F
0-1: Ground out 5-3 (Groundball, 6, EV 83.8 MPH)
Bottom of the 8th over - 0 runs, 0 hits, 0 errors, 1 left on base; Greensboro 4 - Dayton 0
TOP OF THE 9TH
Greensboro Grasshoppers batting - Pitching for Dayton Dragons : RHP Kevin Larner
Now at SS: Ryan Short
Batting: LHB Angelo Estrella 0-0: Swinging Strike
0-1: Ball
1-1: Ball
2-1: Ball
3-1: Base on Balls
Batting: RHB Jeremy Dennis 0-0: Bunted foul
0-1: Bunt missed!
0-2: Ball
1-2: Ball
2-2: Foul Ball, location: 2F
2-2: Foul Ball, location: 2F
2-2: Ball
3-2: Ground out 4-3 (Groundball, 4M, EV 106.9 MPH)
Angelo Estrella to second
Batting: RHB Harrie de Kam 0-0: Ball
1-0: Swinging Strike
1-1: Foul Ball, location: 2F
1-2: Ball
2-2: Ball
3-2: Fly out, F5 (Popup, 56S, EV 78.8 MPH)
Batting: RHB Andy Kelly 0-0: Called Strike
0-1: Foul Ball, location: 2F
0-2: SINGLE (Groundball, 56D, EV 96.2 MPH)
Angelo Estrella to third
Runner from 3rd tries for Home, SAFE, throw by LF to home
Pitching: RHP Giovonni Morgia
Batting: RHB Miguel Velasco 0-0: Ball
1-0: Called Strike
1-1: Ball
Andy Kelly steals 2nd base
2-1: DOUBLE (Line Drive, 78D, EV 102.5 MPH)
Andy Kelly scores
Batting: RHB Hiromitsu Yamada 0-0: Swinging Strike
0-1: Ball
1-1: Swinging Strike
1-2: Ball
2-2: Strikes out swinging
Top of the 9th over - 2 runs, 2 hits, 0 errors, 1 left on base; Greensboro 6 - Dayton 0
BOTTOM OF THE 9TH
Dayton Dragons batting - Pitching for Greensboro Grasshoppers : RHP James Bitner
Batting: LHB Fernando Gomez 0-0: Ball
1-0: Ball
2-0: Called Strike
2-1: Ball
3-1: Ground out U3 (Groundball, 3, EV 103.1 MPH)
Batting: LHB Keith Egan 0-0: Ball
1-0: Foul Ball, location: 2F
1-1: Ball
2-1: Ball
3-1: Base on Balls
Batting: RHB Randy Grewe 0-0: Ball
1-0: Ball
2-0: Foul Ball, location: 2F
2-1: Foul Ball, location: 2F
2-2: Ball
3-2: Strikes out swinging
Batting: RHB Danny Real 0-0: Called Strike
0-1: Ball
1-1: Ball
2-1: Foul Ball, location: 2F
2-2: Fielders Choice at 2nd, 5-4 (Groundball, 5, EV 85.6 MPH)
Bottom of the 9th over - 0 runs, 0 hits, 0 errors, 1 left on base; Greensboro 6 - Dayton 0
Tuesday, September 13th , 2022 - OOTP Baseball 23.7 Build 88